 Dungeon Crawl Stone Soup version 0.30-a0-591-g3c58d2bc28 (webtiles) character file.

Game seed: 5353007209388762846

2905 wormed the Changer (level 9, 0/88 (90) HPs)
             Began as an Octopode Transmuter on Jan 4, 2023.
             Was an Initiate of Gozag.
             Slain by a wyvern (7 damage)
             ... on level 7 of the Dungeon.
             The game lasted 00:10:55 (8251 turns).

wormed the Changer (Octopode Transmuter)            Turns: 8251, Time: 00:10:56

HP:   0/88 (90)     AC: 28    Str:  9    XL:     9   Next: 78%
MP:   16/16         EV:  2    Int: 26    God:    Gozag
Gold: 25            SH:  0    Dex: 18    Spells: 11/18 levels left

rFire   + . .      SeeInvis .      - Unarmed
rCold   + + +      Faith    .    (no shield)
rNeg    . . .      Spirit   .    (helmet currently unavailable)
rPois   +          Reflect  .    (no amulet)
rElec   +          Harm     .    o - ring of protection from cold
rCorr   +          Rampage  .    b - ring "Cubb" {Int+6 Dex+6}
Will    .....      NoTele   +    x - ring of protection from cold
Stlth   +                        y - +4 ring of protection
HPRegen 0.34/turn                (no ring)
MPRegen 0.15/turn                (no ring)
                                 (no ring)
                                 (no ring)

@: confused, mighty, tree-form, resistant, ambrosia-drunk, wereblooded, gold
aura, lightly drained, invisible
A: stationary, stasis, torment immunity, boosted hp, almost no armour,
(amphibious), 8 rings, (camouflage 1), (gelatinous body 1), (nimble swimmer 1),
(tentacles)
a: End Transformation, Renounce Religion, Potion Petition, Call Merchant, Bribe
Branch


You were on level 7 of the Dungeon.
You worshipped Gozag.
Gozag was noncommittal.
You were a tree.
You visited 1 branch of the dungeon, and saw 7 of its levels.

You collected 805 gold pieces.
You paid 780 gold pieces to Gozag.

Inventory:

Jewellery
 b - the ring "Cubb" (right branch) {Int+6 Dex+6}
   (You acquired it on level 2 of the Dungeon)

   [ring of dexterity]

   Int:       It affects your intelligence (+6).
   Dex:       It affects your dexterity (+6).
 o - a ring of protection from cold (left branch)
 x - a ring of protection from cold (on tentacle)
 y - a +4 ring of protection (on tentacle)
Wands
 r - a wand of flame (26) (quivered)
Scrolls
 f - a scroll of silence
 i - a scroll of blinking {unknown}
 j - a scroll of poison
 k - 2 scrolls of fear {unknown}
 l - a scroll of enchant armour
 n - 2 scrolls of teleportation
 s - a scroll of fog
 t - a scroll of amnesia {unknown}
 u - a scroll of enchant weapon {unknown}
 v - 2 scrolls of vulnerability {unknown}
Potions
 a - 2 potions of lignification
 c - a potion of flight
 d - 2 potions of attraction
 e - a potion of brilliance
 g - 3 potions of might
 m - a potion of curing
 p - a potion of resistance {unknown}
 q - a potion of berserk rage
 w - a potion of invisibility {unknown}
 z - 2 potions of mutation {unknown}


   Skills:
 + Level 4.8 Fighting
 + Level 5.3 Dodging
 + Level 5.7 Unarmed Combat
 + Level 5.0 Spellcasting
 * Level 7.4 Transmutations
 + Level 4.6 Ice Magic


You had 11 spell levels left.
You knew the following spells:

 Your Spells              Type           Power      Damage    Failure   Level
a - Ice Form              Ice/Tmut       38%        N/A       6%          4
b - Wereblood             Tmut           45%        N/A       1%          2
c - Beastly Appendage     Tmut           90%        N/A       1%          1

Your spell library contained the following spells:

 Spells                   Type           Power      Damage    Failure   Level
 Spider Form              Tmut/Pois      25%        N/A       4%          3
 Kiss of Death            Conj/Necr      24%        2d7       8%          1
 Ignite Poison            Fire/Tmut/Pois 19%        N/A       9%          3
 Confusing Touch          Hex            6%         N/A       22%         3
 Kindle Blastsparks       Fire/Tloc/Air  12%        2d11      22%         3
 Dispel Undead            Necr           6%         3d8       58%         4
 Passage of Golubria      Tloc           6%         N/A       58%         4
 Metabolic Englaciation   Hex/Ice        9%         N/A       63%         5
 Freezing Cloud           Conj/Ice/Air   7%         6-21      75%         5
 Silence                  Hex/Air        3%         N/A       91%         5
 Conjure Ball Lightning   Conj/Air       3%         3x3d6     100%        6
 Lehudib's Crystal Spear  Conj/Erth      3%         10d2      100%        8
 Polar Vortex             Ice            15%        N/A       100%        9


Dungeon Overview and Level Annotations

Branches:
Dungeon (7/15)             Temple (0/1) D:6

Altars:
Ashenzari
Cheibriados
Elyvilon
Gozag
Hepliaklqana
Trog
Wu Jian
Zin

Shops:
D:6 **

Annotations:
D:5 4 runed translucent doors
D:6 2 transporters, Juicyj's ghost, novice MiGl


Innate Abilities, Weirdness & Mutations

You are a tree.
Your roots penetrate the ground, keeping you stationary.
You cannot be teleported.
You are immune to unholy pain and torment.
Your maximum health is greatly increased.
You cannot wear most types of armour.
((You are amphibious.))
You can wear up to eight rings at the same time.
((Your skin changes colour to match your surroundings (Stealth+).))
((Your rubbery body absorbs attacks. (AC +1, EV +1)))
((You are camouflaged when in or above water. (Stealth+)))
((You have tentacles for arms and can constrict up to eight enemies at once.))


Message History

You punch the wyvern! You freeze the wyvern.
The wyvern is no longer distracted by gold.
The wyvern is severely wounded.
The wyvern bites you.
The centaur shoots an arrow.
The arrow closely misses you.
You hit the wyvern. You freeze the wyvern.
The wyvern is severely wounded.
You hear the quick creaking of a portcullis very nearby.
The wyvern bites you!
The centaur shoots an arrow.
The arrow hits you.
You hit the wyvern but do no damage.
The wyvern is severely wounded.
The wyvern bites you but does no damage.
The centaur shoots an arrow.
The arrow hits you. The wyvern bites you!
You hit the wyvern but do no damage.
The wyvern is severely wounded.
You howl as the wereblood boils in your veins!
The centaur shoots an arrow.
The arrow barely misses you. The wyvern bites you!
The centaur shoots an arrow.
The arrow hits you!
* * * LOW HITPOINT WARNING * * *
[a] - 725 gold - lignification, might, resistance and invisibility [b] - 720 gold - resistance, might and haste [c] - 210 gold - resistance Purchase which effect?
You no longer have enough gold to petition Gozag for potion effects.
You warm up again.
You turn into a tree.
Your roots penetrate the ground.
You feel very mighty all of a sudden.
You feel protected.
You fade into invisibility!
The wyvern bites you but does no damage.
The centaur shoots an arrow.
The arrow hits you!
* * * LOW HITPOINT WARNING * * *
The wyvern bites you but does no damage.
You are confused.
You feel invigorated.
You creak as the wereblood boils in your veins!
The centaur shoots an arrow.
The arrow hits you.
* * * LOW HITPOINT WARNING * * *
The wyvern bites you!
You die...
Your body crumbles into a pile of gold.

#..................#
#.................[#
.............##....+
.............##...##
.#######.... #..$.#
. .... ##...# ##
.....###...# .#
.......#...###.c ##
......zl♣....... #
.......#...###..
##### )......#...#
....## .......#...#
.....# .......#####
.....# #......
.....# #......
.....# #......
.....#


You could see a wyvern (unable to see you), a centaur (unable to see you) and a
wight (unable to see you).

Vanquished Creatures
  Pikel (D:5)
  Prince Ribbit (D:6)
  A steam dragon (D:7)
  Edmund (D:5)
  An orc warrior (D:6)
  2 ice beasts
  A black bear (D:5)
  An ogre (D:7)
  A centaur (D:7)
  A phantom (D:4)
  3 bullfrogs
  A necrophage (D:6)
  2 scorpions (D:5)
  2 wights (D:7)
  3 killer bees (D:7)
  A howler monkey (D:5)
  2 orc priests
  5 hounds
  2 jellies (D:5)
  A gnoll bouda (D:5)
  An iguana (D:5)
  Crazy Yiuf (D:5)
  7 orc wizards
  9 adders
  8 gnolls
  A shadow imp (D:6)
  3 ufetubi
  4 dart slugs
  3 worms
  19 orcs
  9 endoplasms
  2 giant cockroaches (D:1)
  5 goblins
  6 hobgoblins
  4 jackals (D:3)
  2 quokkas
  7 ball pythons
  4 bats (D:2)
  3 frilled lizards
  2 kobolds
  3 rats
136 creatures vanquished.

Vanquished Creatures (others)
  A withered plant (D:1)
1 creature vanquished.

Grand Total: 137 creatures vanquished

Notes
Turn   | Place    | Note
-------+----------+-------------------------------------------
     0 | D:1      | wormed the Octopode Transmuter began the quest for the Orb.
     0 | D:1      | Reached XP level 1. HP: 13/13 MP: 3/3
   329 | D:1      | Found a faded altar of an unknown god.
   339 | D:1      | Reached XP level 2. HP: 11/18 MP: 3/5
   359 | D:1      | Learned a level 2 spell: Wereblood
  1052 | D:2      | Got the Monograph on Congelation and the Storm
  1195 | D:2      | Reached XP level 3. HP: 23/23 MP: 2/6
  1819 | D:2      | Reached skill level 3 in Transmutations
  1819 | D:2      | Reached XP level 4. HP: 11/28 MP: 4/7
  2441 | D:2      | Identified a scroll of acquirement
  2441 | D:2      | Acquired the ring "Cubb" {Int+6 Dex+6}
  2973 | D:3      | Reached skill level 1 in Ice Magic
  3027 | D:3      | Reached XP level 5. HP: 16/34 MP: 5/8
  3377 | D:3      | Found a bloodstained altar of Trog.
  3427 | D:3      | Found a glowing silver altar of Zin.
  3721 | D:4      | Learned a level 4 spell: Ice Form
  3771 | D:4      | Noticed a phantom
  3829 | D:4      | Killed a phantom
  3830 | D:4      | Reached XP level 6. HP: 39/39 MP: 3/10
  4077 | D:4      | Reached skill level 4 in Transmutations
  4194 | D:4      | Found an opulent altar of Gozag.
  4194 | D:4      | Found a snail-covered altar of Cheibriados.
  4204 | D:4      | Found a hazy altar of Hepliaklqana.
  4207 | D:4      | Became a worshipper of Gozag Ym Sagoz the Greedy
  4211 | D:4      | Found an ornate altar of the Wu Jian Council.
  4213 | D:4      | Found a faded altar of an unknown god.
  4640 | D:5      | Entered Level 5 of the Dungeon
  4887 | D:5      | Found a runed translucent door.
  4888 | D:5      | Noticed Crazy Yiuf
  5305 | D:5      | Noticed Pikel
  5307 | D:5      | Noticed a black bear
  5328 | D:5      | Killed Pikel
  5329 | D:5      | Reached skill level 5 in Transmutations
  5329 | D:5      | Reached XP level 7. HP: 33/46 MP: 8/12
  5335 | D:5      | Reached XP level 8. HP: 35/52 MP: 9/13
  6056 | D:5      | Found a large runed translucent door.
  6056 | D:5      | Found a large runed translucent door.
  6142 | D:5      | Identified the +7 plate armour "Qisikax" {rElec Int+3 SInv}
  6151 | D:5      | Found a large runed translucent door.
  6151 | D:5      | Found a large runed translucent door.
  6162 | D:5      | Noticed Edmund
  6176 | D:5      | Killed Edmund
  6823 | D:5      | Reached skill level 6 in Transmutations
  6860 | D:5      | Killed Crazy Yiuf
  6924 | D:6      | Noticed Juicyj's ghost (novice MiGl)
  6925 | D:6      | Noticed a troll
  6927 | D:6      | Found a transporter.
  6942 | D:6      | Reached skill level 5 in Unarmed Combat
  6974 | D:6      | Reached XP level 9. HP: 58/58 MP: 13/15
  7005 | D:6      | Found a transporter.
  7024 | D:6      | Found a white marble altar of Elyvilon.
  7188 | D:6      | Found Tytotir's Fire Supplies.
  7322 | D:6      | Found Xyppuu's Overcharged Wands.
  7333 | D:6      | Noticed Prince Ribbit
  7340 | D:6      | Found a staircase to the Ecumenical Temple.
  7346 | D:6      | Killed Prince Ribbit
  7508 | D:6      | Found a broken altar of Ashenzari.
  7803 | D:7      | Reached skill level 5 in Dodging
  7810 | D:7      | Reached skill level 7 in Transmutations
  8244 | D:7      | Reached skill level 5 in Spellcasting
  8251 | D:7      | Slain by a wyvern

Illustrated notes

Levels and vault maps discovered:
D:1:      onia_arrival_mini_spirals, layout_loops_ring,
          ebering_ecumenical_altar_petrified
D:2:      layout_basic
D:3:      layout_rooms, lemuel_round_altar, lemuel_doored_altar
D:4:      nicolae_cairo_tiling_large_dashed, layout_basic,
          chequers_temple_overflow_minitemple
D:5:      layout_gridville, chequers_serial_rivers_small_a,
          minmay_hollow_rounded_squares, uniq_crazy_yiuf_cottage, uniq_pikel,
          uniq_edmund
D:6:      layout_rooms, old_standard_altar, elyvilon_altar_1,
          minmay_temple_entry_statues_pillars, gammafunk_ghost_arena,
          nicolae_shop_fire_sale [nicolae_sub_dead_trees],
          nicolae_shop_overcharged_wands, uniq_prince_ribbit1
D:7:      layout_basic, mainiacjoe_overflow_cross_hatched, enter_bailey_8,
          hangedman_abyss_or_decor_jellyfish_corner

Skill      XL: |  1  2  3  4  5  6  7  8  9 |
---------------+----------------------------+-----
Transmutations | 3 5 6 7 |  7.4
Ice Magic      | 1 2 3 4 |  4.6
Fighting       | 2 3 4 |  4.8
Dodging        | 3 4 5 |  5.3
Unarmed Combat | 4 5 |  5.7
Spellcasting   | 3 4 5 |  5.0

Action                   |  1- 3 |  4- 6 |  7- 9 || total
-------------------------+-------+-------+-------++-------
Melee: Unarmed           |    73 |   108 |   194 ||   375
       Constrict         |    25 |    16 |     5 ||    46
       Kick              |    19 |    18 |     4 ||    41
       Tentacles         |    14 |    10 |     7 ||    31
       Punch             |     4 |     1 |       ||     5
 Cast: Beastly Appendage |    20 |    12 |     2 ||    34
       Wereblood         |    11 |    11 |    16 ||    38
       Ice Form          |       |     8 |    20 ||    28
Invok: Potion Petition   |       |       |     1 ||     1
Evoke: Wand              |       |       |     5 ||     5
  Use: Potion            |     1 |     3 |     3 ||     7
       Scroll            |       |    15 |     1 ||    16
 Stab: Sleeping          |     4 |     1 |     1 ||     6
Armor: Skin              |    10 |    44 |    78 ||   132
Dodge: Dodged            |    42 |    78 |    97 ||   217

Table legend: (Time is in decaauts)
 A = Elapsed time spent in this place.
 B = Non-inter-level travel time spent in this place.
 C = Inter-level travel time spent in this place.
 D = Time resting spent in this place.
 E = Time spent auto-exploring this place.
 F = Levels seen in this place.
 G = Mean time per level.
                   A        B        C        D        E       F      G
               +--------+--------+--------+--------+--------+-----+--------+
         Total |   8219 |   8044 |    175 |   1548 |   5358 |   7 | 1174.1 |
       Dungeon |   8219 |   8044 |    175 |   1548 |   5358 |   7 | 1174.1 |
               +--------+--------+--------+--------+--------+-----+--------+

Top non-repeatable levels by time:
     D:5: 1973 daAuts
     D:2: 1854 daAuts
     D:4: 1358 daAuts
     D:1: 1005 daAuts
     D:6: 824 daAuts
     D:3: 693 daAuts
     D:7: 510 daAuts
